3AA
ATHLETIC CLUB KC ACADEMY @ BILLINGS POLAR BEARS
08/07/2042
 
TOP OF THE 1ST
Athletic Club KC Academy batting - Pitching for Billings Polar Bears : RHP Allen Brown
Pitching: RHP Allen Brown
Batting: RHB Daniel Hannaford 0-0: Fly out, F9 (Flyball, 89D, EV 107.5 MPH)
Batting: SHB Tosya Mndoyants 0-0: Fly out, F8 (Flyball, 78XD, EV 84.4 MPH)
Batting: RHB Neal Lewis 0-0: Ground out 6-3 (Groundball, 6, EV 82.5 MPH)
Top of the 1st over - 0 runs, 0 hits, 0 errors, 0 left on base; Athletic Club KC Academy 0 - Billings 0
BOTTOM OF THE 1ST
Billings Polar Bears batting - Pitching for Athletic Club KC Academy : LHP Martin Porter
Pitching: LHP Martin Porter
Batting: RHB Edward Johnson 0-0: SINGLE (Line Drive, 7S, EV 107.5 MPH)
Batting: SHB Leonardo Rodríguez 0-0: Ball
1-0: Called Strike
1-1: Ball
2-1: Ball
3-1: Base on Balls
Edward Johnson to second
Batting: RHB Gary Panniers 0-0: Called Strike
0-1: Foul Ball, location: 2F
0-2: Fielders Choice at 2nd, 6-4 (Groundball, 6M, EV 86.9 MPH)
Edward Johnson to third
Batting: RHB Rupert Bethune 0-0: Swinging Strike
0-1: Ball
1-1: Foul Ball, location: 2F
1-2: Foul Ball, location: 2F
1-2: Foul Ball, location: 2F
1-2: Strikes out swinging
Batting: RHB Jose Reginalde 0-0: Called Strike
0-1: Swinging Strike
Passed Ball!
Edward Johnson scores
Gary Panniers to second
0-2: SINGLE (Groundball, 34D, EV 98.1 MPH)
Gary Panniers to third
Runner from 3rd tries for Home, SAFE, throw by RF to home
Batting: RHB Shalom Gestel 0-0: Called Strike
0-1: Ball
1-1: Ball
2-1: Ball
3-1: Base on Balls
Jose Reginalde to second
Batting: RHB Pleun Vleugel 0-0: Foul Ball, location: 2F
0-1: Ball
1-1: Foul Ball, location: 2F
1-2: Ground out 4-3 (Groundball, 4, EV 83.8 MPH)
Bottom of the 1st over - 2 runs, 2 hits, 0 errors, 2 left on base; Athletic Club KC Academy 0 - Billings 2
TOP OF THE 2ND
Athletic Club KC Academy batting - Pitching for Billings Polar Bears : RHP Allen Brown
Batting: LHB Ron Whitney 0-0: Ball
1-0: Called Strike
1-1: Ball
2-1: Swinging Strike
2-2: SINGLE (Groundball, 3D, EV 106.2 MPH)
Batting: RHB Tim Hendricks 0-0: Foul Ball, location: 2F
0-1: Ball
1-1: Foul Ball, location: 2F
1-2: Ball
2-2: Fly out, F8 (Line Drive, 8RD, EV 85.0 MPH)
Batting: SHB Ross Evans 0-0: Ball
Ron Whitney is caught stealing 2nd base 2-6
1-0: Swinging Strike
1-1: Swinging Strike
1-2: Ball
2-2: Strikes out swinging
Top of the 2nd over - 0 runs, 1 hit, 0 errors, 0 left on base; Athletic Club KC Academy 0 - Billings 2
BOTTOM OF THE 2ND
Billings Polar Bears batting - Pitching for Athletic Club KC Academy : LHP Martin Porter
Batting: LHB Stanley Bell 0-0: Swinging Strike
0-1: Called Strike
0-2: Strikes out swinging, 2-3 out at first.
Batting: RHB Kelly Johnson 0-0: Called Strike
0-1: Ball
1-1: Ball
2-1: Ball
3-1: Base on Balls
Batting: RHB Edward Johnson 0-0: Grounds into double play, 5-4-3 (Groundball, 5, EV 87.5 MPH)
Bottom of the 2nd over - 0 runs, 0 hits, 0 errors, 0 left on base; Athletic Club KC Academy 0 - Billings 2
TOP OF THE 3RD
Athletic Club KC Academy batting - Pitching for Billings Polar Bears : RHP Allen Brown
Batting: RHB Mhelter Gaston 0-0: Called Strike
0-1: Ball
1-1: Fly out, F9 (Flyball, 89M, EV 91.9 MPH)
Batting: LHB Octávio Castaneda 0-0: Swinging Strike
0-1: Foul Ball, location: 2F
0-2: Ball
1-2: Foul Ball, location: 2F
1-2: Strikes out swinging
Batting: RHB Matt Evans 0-0: Ball
1-0: Foul Ball, location: 2F
1-1: Ball
2-1: Fly out, F8 (Flyball, 89D, EV 93.8 MPH)
Top of the 3rd over - 0 runs, 0 hits, 0 errors, 0 left on base; Athletic Club KC Academy 0 - Billings 2
BOTTOM OF THE 3RD
Billings Polar Bears batting - Pitching for Athletic Club KC Academy : LHP Martin Porter
Batting: SHB Leonardo Rodríguez 0-0: Foul Ball, location: 2F
0-1: Ball
1-1: Ball
2-1: Foul Ball, location: 2F
2-2: Strikes out looking
Batting: RHB Gary Panniers 0-0: Ball
1-0: Ball
2-0: Foul Ball, location: 2F
2-1: Fly out, F8 (Flyball, 8LD, EV 90.0 MPH)
Batting: RHB Rupert Bethune 0-0: Ball
1-0: Ball
2-0: Ground out 6-3 (Groundball, 6, EV 95.0 MPH)
Bottom of the 3rd over - 0 runs, 0 hits, 0 errors, 0 left on base; Athletic Club KC Academy 0 - Billings 2
TOP OF THE 4TH
Athletic Club KC Academy batting - Pitching for Billings Polar Bears : RHP Allen Brown
Batting: RHB Daniel Hannaford 0-0: Called Strike
0-1: Foul Ball, location: 2F
0-2: SINGLE (Line Drive, 7S, EV 99.4 MPH)
Batting: SHB Tosya Mndoyants 0-0: Called Strike
0-1: Ball
1-1: Foul Ball, location: 2F
1-2: Ball
2-2: Ball
3-2: Foul Ball, location: 2F
3-2: Base on Balls
Daniel Hannaford to second
Batting: RHB Neal Lewis 0-0: Ball
1-0: Called Strike
1-1: Swinging Strike
1-2: Fielders Choice at 2nd, 5-4 (Groundball, 56, EV 84.4 MPH)
Daniel Hannaford to third
Batting: LHB Ron Whitney 0-0: Foul Ball, location: 2F
0-1: Foul Ball, location: 2F
0-2: Strikes out looking
Batting: RHB Tim Hendricks 0-0: Fly out, F8 (Line Drive, 8LM, EV 92.5 MPH)
Top of the 4th over - 0 runs, 1 hit, 0 errors, 2 left on base; Athletic Club KC Academy 0 - Billings 2
BOTTOM OF THE 4TH
Billings Polar Bears batting - Pitching for Athletic Club KC Academy : LHP Martin Porter
Batting: RHB Jose Reginalde 0-0: Called Strike
0-1: Swinging Strike
0-2: Ball
1-2: Strikes out swinging
Batting: RHB Shalom Gestel 0-0: Swinging Strike
0-1: Ball
1-1: Foul Ball, location: 2F
1-2: Ground out 5-3 (Groundball, 5, EV 85.6 MPH)
Batting: RHB Pleun Vleugel 0-0: Ball
1-0: Ball
2-0: Foul Ball, location: 2F
2-1: SINGLE (Groundball, 6MD, EV 95.0 MPH)
Batting: LHB Stanley Bell 0-0: Foul Ball, location: 2F
0-1: Ball
1-1: Swinging Strike
1-2: Ball
2-2: Ball
3-2: Fly out, F8 (Flyball, 8LXD, EV 106.9 MPH)
Bottom of the 4th over - 0 runs, 1 hit, 0 errors, 1 left on base; Athletic Club KC Academy 0 - Billings 2
TOP OF THE 5TH
Athletic Club KC Academy batting - Pitching for Billings Polar Bears : RHP Allen Brown
Batting: SHB Ross Evans 0-0: Called Strike
0-1: Ball
1-1: Ball
2-1: Fly out, F7 (Line Drive, 7, EV 89.4 MPH)
Batting: RHB Mhelter Gaston 0-0: Ball
1-0: Foul Ball, location: 2F
1-1: TRIPLE (Flyball, 78XD, EV 102.5 MPH)
Batting: LHB Octávio Castaneda 0-0: Swinging Strike
0-1: Ball
1-1: Swinging Strike
1-2: Ball
2-2: Foul Ball, location: 2F
2-2: Ball
3-2: Strikes out looking
Batting: RHB Matt Evans 0-0: Ground out 4-3 (Groundball, 4S, EV 91.2 MPH)
Top of the 5th over - 0 runs, 1 hit, 0 errors, 1 left on base; Athletic Club KC Academy 0 - Billings 2
BOTTOM OF THE 5TH
Billings Polar Bears batting - Pitching for Athletic Club KC Academy : LHP Martin Porter
Batting: RHB Kelly Johnson 0-0: Ball
1-0: Called Strike
1-1: Ball
2-1: Swinging Strike
2-2: Strikes out swinging
Batting: RHB Edward Johnson 0-0: Ball
1-0: Ball
2-0: Ball
3-0: Called Strike
3-1: Base on Balls
Batting: SHB Leonardo Rodríguez 0-0: Ball
Edward Johnson is caught stealing 2nd base 2-4
1-0: Swinging Strike
1-1: SINGLE (Groundball, 6M, EV 103.8 MPH) (infield hit)
Batting: RHB Gary Panniers 0-0: Ball
1-0: Called Strike
Leonardo Rodríguez steals 2nd base
1-1: Foul Ball, location: 2F
1-2: Ball
2-2: Foul Ball, location: 2F
2-2: Foul Ball, location: 2F
2-2: Foul Ball, location: 2F
2-2: Ball
3-2: Foul Ball, location: 2F
3-2: Foul Ball, location: 2F
3-2: Strikes out swinging
Bottom of the 5th over - 0 runs, 1 hit, 0 errors, 1 left on base; Athletic Club KC Academy 0 - Billings 2
TOP OF THE 6TH
Athletic Club KC Academy batting - Pitching for Billings Polar Bears : RHP Allen Brown
Batting: RHB Daniel Hannaford 0-0: Ground out 5-3 (Groundball, 56, EV 83.8 MPH)
Batting: SHB Tosya Mndoyants 0-0: Ball
1-0: Foul Ball, location: 2F
1-1: Ball
2-1: Foul Ball, location: 2F
2-2: Foul Ball, location: 2F
2-2: Strikes out swinging
Batting: RHB Neal Lewis 0-0: Fly out, F8 (Flyball, 8LD, EV 76.9 MPH)
Top of the 6th over - 0 runs, 0 hits, 0 errors, 0 left on base; Athletic Club KC Academy 0 - Billings 2
BOTTOM OF THE 6TH
Billings Polar Bears batting - Pitching for Athletic Club KC Academy : LHP Martin Porter
Batting: RHB Rupert Bethune 0-0: Ball
1-0: Ball
2-0: Called Strike
2-1: Foul Ball, location: 2F
2-2: SINGLE (Line Drive, 8RS, EV 107.5 MPH)
Pitching: LHP José Núñez
Batting: RHB Jose Reginalde 0-0: Ball
1-0: Ball
2-0: Called Strike
2-1: Foul Ball, location: 2F
2-2: Ball
3-2: Strikes out swinging
Batting: RHB Shalom Gestel 0-0: Called Strike
0-1: Foul Ball, location: 2F
0-2: Ball
1-2: Fly out, F9 (Line Drive, 9, EV 92.5 MPH)
Batting: RHB Pleun Vleugel 0-0: Called Strike
0-1: Foul Ball, location: 2F
0-2: Ball
1-2: Hit by Pitch
Rupert Bethune to second
Batting: LHB Stanley Bell 0-0: Ball
1-0: SINGLE (Line Drive, 56D, EV 100.6 MPH)
Rupert Bethune to third
Pleun Vleugel to second
Runner from 3rd tries for Home, SAFE, throw by LF to home
Batting: RHB Kelly Johnson 0-0: Ball
Passed Ball!
Pleun Vleugel to third
Stanley Bell to second
1-0: Ball
2-0: Ball
3-0: Base on Balls
Batting: RHB Edward Johnson 0-0: Ball
1-0: Foul Ball, location: 2F
1-1: Ball
2-1: Foul Ball, location: 2F
2-2: Ball
3-2: Base on Balls
Pleun Vleugel scores
Stanley Bell to third
Kelly Johnson to second
Batting: SHB Leonardo Rodríguez 0-0: Ground out 1-3 (Groundball, P, EV 70.6 MPH)
Bottom of the 6th over - 2 runs, 2 hits, 0 errors, 3 left on base; Athletic Club KC Academy 0 - Billings 4
TOP OF THE 7TH
Athletic Club KC Academy batting - Pitching for Billings Polar Bears : RHP Allen Brown
Batting: LHB Ron Whitney 0-0: Swinging Strike
0-1: Called Strike
0-2: Strikes out looking
Batting: RHB Tim Hendricks 0-0: Ball
1-0: Swinging Strike
1-1: Ground out 5-3 (Groundball, 56, EV 91.2 MPH)
Batting: SHB Ross Evans 0-0: Called Strike
0-1: Fly out, F4 (Popup, 13S, EV 83.1 MPH)
Top of the 7th over - 0 runs, 0 hits, 0 errors, 0 left on base; Athletic Club KC Academy 0 - Billings 4
BOTTOM OF THE 7TH
Billings Polar Bears batting - Pitching for Athletic Club KC Academy : LHP José Núñez
Batting: RHB Gary Panniers 0-0: Called Strike
0-1: Ball
1-1: Foul Ball, location: 2F
1-2: Ball
2-2: SINGLE (Groundball, 56D, EV 94.4 MPH)
Batting: RHB Rupert Bethune 0-0: SINGLE (Line Drive, 4D, EV 97.5 MPH)
Gary Panniers to second
Runner from 2nd tries for 3rd, SAFE, throw by CF made to third
Batting: RHB Jose Reginalde 0-0: Ball
1-0: Grounds into double play, 4-6-3 (Groundball, 4, EV 102.5 MPH)
Gary Panniers scores
Batting: RHB Shalom Gestel 0-0: Ball
1-0: Called Strike
1-1: SINGLE (Line Drive, 8LS, EV 106.2 MPH)
Batting: RHB Pleun Vleugel 0-0: Called Strike
Shalom Gestel is caught stealing 2nd base 2-4
Bottom of the 7th over - 1 run, 3 hits, 0 errors, 0 left on base; Athletic Club KC Academy 0 - Billings 5
TOP OF THE 8TH
Athletic Club KC Academy batting - Pitching for Billings Polar Bears : RHP Allen Brown
Batting: RHB Mhelter Gaston 0-0: Ball
1-0: Ball
2-0: Called Strike
2-1: Ground out 6-3 (Groundball, 6M, EV 79.4 MPH)
Pitching: RHP Dan Webster
Batting: LHB Octávio Castaneda 0-0: Ball
1-0: Ball
2-0: Ground out U3 (Groundball, 34, EV 79.4 MPH)
Batting: RHB Matt Evans 0-0: Called Strike
0-1: Called Strike
0-2: Ball
1-2: Strikes out swinging
Top of the 8th over - 0 runs, 0 hits, 0 errors, 0 left on base; Athletic Club KC Academy 0 - Billings 5
BOTTOM OF THE 8TH
Billings Polar Bears batting - Pitching for Athletic Club KC Academy : LHP José Núñez
Batting: RHB Pleun Vleugel 0-0: Ball
1-0: DOUBLE (Line Drive, 9LM, EV 97.5 MPH)
Pitching: RHP Júlio Ibáñaz
Batting: LHB Stanley Bell 0-0: Ball
1-0: Ball
2-0: Ball
3-0: Base on Balls
Batting: RHB Kelly Johnson 0-0: SINGLE (Line Drive, 9LS, EV 107.5 MPH)
Pleun Vleugel to third
Stanley Bell to second
Runner from 3rd tries for Home, SAFE, no throw by RF
Batting: RHB Edward Johnson 0-0: Called Strike
0-1: Foul Ball, location: 2F
0-2: Ball
1-2: Strikes out swinging
Batting: SHB Leonardo Rodríguez 0-0: Called Strike
0-1: Foul Ball, location: 2F
0-2: Fly out, F4 (Line Drive, 4, EV 73.1 MPH)
Batting: RHB Gary Panniers 0-0: Ground out 1-3 (Groundball, P, EV 84.4 MPH)
Bottom of the 8th over - 1 run, 2 hits, 0 errors, 2 left on base; Athletic Club KC Academy 0 - Billings 6
TOP OF THE 9TH
Athletic Club KC Academy batting - Pitching for Billings Polar Bears : RHP Dan Webster
Batting: RHB Daniel Hannaford 0-0: DOUBLE (Line Drive, 89D, EV 98.8 MPH)
Batting: SHB Tosya Mndoyants 0-0: Called Strike
0-1: Foul Ball, location: 2F
0-2: Strikes out looking
Batting: RHB Neal Lewis 0-0: Ball
1-0: Ball
2-0: Called Strike
2-1: Ball
3-1: Foul Ball, location: 2F
3-2: Strikes out swinging
Batting: LHB Ron Whitney 0-0: Ball
1-0: Ball
2-0: Ball
3-0: Called Strike
3-1: Foul Ball, location: 2F
3-2: SINGLE (Flyball, 78S, EV 100.0 MPH)
Daniel Hannaford to third
Daniel Hannaford scores
Batting: RHB Tim Hendricks 0-0: Ground out 3-1 (Groundball, 3, EV 91.2 MPH)
Top of the 9th over - 1 run, 2 hits, 0 errors, 1 left on base; Athletic Club KC Academy 1 - Billings 6
Friday, March 26th, 2021 - OOTP Baseball 20.8 Build 74